 Dungeon Crawl Stone Soup version 0.28.0-43-g3370ac3207 (webtiles) character file.

Game seed: 816975017844131602

2199 Kaptain the Digger (level 9, -5/55 HPs)
             Began as a Gargoyle Earth Elementalist on Mar 17, 2022.
             Slain by a killer bee (8 damage)
             ... on level 8 of the Dungeon.
             The game lasted 00:14:02 (8925 turns).

Kaptain the Digger (Gargoyle Earth Elementalist)    Turns: 8925, Time: 00:14:02

Health: -5/55      AC: 12    Str: 18    XL:     9   Next: 34%
Magic:  10/16      EV: 12    Int: 20    God:
Gold:   433        SH:  0    Dex: 10    Spells: 14/18 levels left

rFire   + . .      SeeInvis .   m - +5 spear of Immorality {speed, rF+}
rCold   . . .      Faith    .   (no shield)
rNeg    + . .      Spirit   .   n - +0 leather armour
rPois   ∞          Reflect  .   A - +0 helmet
rElec   +          Harm     .   u - +0 cloak
rCorr   .          Rampage  .   (no gloves)
Will    .....                   (no boots)
Stlth   ++........              (no amulet)
HPRegen 0.18/turn               p - +6 ring of strength
MPRegen 0.15/turn               (no ring)

@: no status effects
A: sickness immunity, AC +6, negative energy resistance 1, electricity
resistance, torment resistance 1, petrification resistance
a: no special abilities


You were on level 8 of the Dungeon.
You visited 2 branches of the dungeon, and saw 10 of its levels.

You collected 493 gold pieces.
You spent 60 gold pieces at shops.

Inventory:

Hand Weapons
 h - a +1 short sword of venom
 m - the +5 spear of Immorality (weapon) {speed, rF+}
   (You found it on level 3 of the Dungeon)

   Attacks with this weapon are significantly faster.
   rF:        It protects you from fire.
 o - a +1 vorpal hunting sling
 s - a +3 trident
 v - a +2 scimitar
 w - a +5 war axe
Missiles
 c - 175 stones
 f - 125 sling bullets
 G - 30 poisoned darts
Armour
 n - a +0 leather armour (worn)
 u - a +0 cloak (worn)
 A - a +0 helmet (worn)
Jewellery
 p - a +6 ring of strength (left hand)
 y - a +4 ring of protection
Wands
 b - a wand of mindburst (21)
 i - a wand of flame (14)
Scrolls
 a - a scroll of brand weapon
 d - 3 scrolls of enchant weapon
 e - 3 scrolls of immolation
 k - 2 scrolls of fog
 q - 2 scrolls of torment {unknown}
 r - 2 scrolls of vulnerability {unknown}
 B - a scroll of teleportation {unknown}
 C - a scroll of enchant armour
 E - a scroll of blinking {unknown}
Potions
 g - a potion of flight
 j - a potion of curing
 l - 2 potions of heal wounds
 t - a potion of haste
 x - a potion of mutation
 z - 2 potions of might
 D - 3 potions of brilliance
 F - 3 potions of resistance {unknown}


   Skills:
 * Level 5.7 Fighting
 + Level 3.9 Armour
 + Level 3.5 Dodging
 - Level 2.1 Stealth
 * Level 5.2 Spellcasting
 * Level 5.7 Conjurations
 - Level 0.7 Transmutations
 * Level 7.5 Earth Magic


You had 14 spell levels left.
You knew the following spells:

 Your Spells              Type           Power      Damage    Failure   Level
a - Sandblast             Erth           70%        2d15      1%          1
b - Stone Arrow           Conj/Erth      62%        3d10      2%          3

Your spell library contained the following spells:

 Spells                   Type           Power      Damage    Failure   Level
 Passwall                 Tmut/Erth      17%        N/A       3%          2
 Freeze                   Ice            20%        1d4       14%         1
 Slow                     Hex            20%        N/A       14%         1
 Scorch                   Fire           10%        2d6       21%         2
 Petrify                  Tmut/Erth      21%        N/A       24%         4
 Confusing Touch          Hex            5%         N/A       38%         3
 Frozen Ramparts          Ice            10%        1d3       38%         3
 Vampiric Draining        Necr           5%         2d6       38%         3
 Flame Wave               Conj/Fire      16%        2d6       38%         4
 Hailstorm                Conj/Ice       16%        3d6       38%         4
 Lightning Bolt           Conj/Air       8%         1d20      75%         5
 Airstrike                Air            2%         N/A       80%         4
 Summon Lightning Spire   Summ/Air       5%         N/A       80%         4
 Summon Cactus Giant      Summ           2%         N/A       100%        6


Dungeon Overview and Level Annotations

Branches:
Dungeon (9/15)             Temple (1/1) D:5
   Lair: D:8-11         Orc: D:9-12

Altars:
Ashenzari
Cheibriados
Dithmenos
Fedhas
Gozag
Hepliaklqana
Kikubaaqudgha
Makhleb
Nemelex Xobeh
Okawaru
Qazlal
Ru
Sif Muna
Trog
Uskayaw
Vehumet
Wu Jian
Xom
Yredelemnul
Zin
The Shining One

Shops:
D:2 ?![*[   D:8 :

Portals:
Abyss: D:4

Annotations:
D:4 2 transporters, MrOwl's ghost, amateur HOFi


Innate Abilities, Weirdness & Mutations

You are immune to sickness and miasma.
Your stone body is resilient. (AC +6)
You are immune to poison.
You resist negative energy. (rN+)
You are resistant to electric shocks. (rElec)
You are resistant to unholy torment.
You are immune to petrification.


Message History

The killer bee closely misses you.
The killer bee stings you but does no damage.
The killer bee barely misses you. The killer bee stings you!
You climb upwards.
Reactivating autopickup.
There is a stone staircase leading down here.
Casting: Sandblast (safe; 1% risk of failure)
Confirm with . or Enter, or press ? or * to list all spells.
Aiming: Sandblast (safe; 1% risk of failure)
Press: ? - help, Shift-Dir - straight line, f - killer bee
Aim: a killer bee (63% to hit)
The blast of sand hits the killer bee!
The killer bee is heavily wounded.
The killer bee stings you but does no damage.
The killer bee stings you.
The killer bee stings you but does no damage. x2
The killer bee closely misses you. The killer bee misses you.
Casting: Sandblast (safe; 1% risk of failure)
Confirm with . or Enter, or press ? or * to list all spells.
Aiming: Sandblast (safe; 1% risk of failure)
Press: ? - help, Shift-Dir - straight line, f/p - killer bee
Aim: a killer bee (heavily wounded, 63% to hit)
The blast of sand misses the killer bee.
The killer bee stings you. The killer bee closely misses you.
The killer bee stings you but does no damage.
The killer bee closely misses you. The killer bee barely misses you.
The killer bee closely misses you. The killer bee misses you.
The killer bee stings you but does no damage.
The killer bee misses you. The killer bee completely misses you.
The killer bee stings you.
* * * LOW HITPOINT WARNING * * *
The killer bee stings you but does no damage.
The killer bee stings you!
* * * LOW HITPOINT WARNING * * *
The killer bee stings you.
* * * LOW HITPOINT WARNING * * *
The killer bee closely misses you. The killer bee stings you!
You die...

.#.....'..# #..........#..#....
.##..###.######..........#..#....
≈≈≈≈≈≈≈≈≈#...............#..#....
≈##≈≈≈##≈#.....>.........####....
≈#######≈#.......#######.........
≈≈#...#≈≈#.......#.....#.........
≈≈#...#≈≈#.....y.#.....#.........
≈≈#.).#≈≈#....#yy#.._..#.........
≈###)###≈#....##@#.....#.........
≈##≈.≈##≈#....##!#.....#.........
≈≈≈≈.≈≈≈≈#....##.###'###.....####
##...##.##...................#...
###'###.######.....######....#...
....'........#...............#...
....#........#...............#...
....#........######..........#...
###.###.###..##...#..........#...


You could see 3 killer bees.

Vanquished Creatures
  A wyvern (D:8)
  2 ice beasts
  2 orc warriors (D:8)
  3 centaurs (D:6)
  2 ogres
  A phantom (D:7)
  2 kobold brigands (D:8)
  A bullfrog (D:8)
  2 scorpions
  A water moccasin zombie (D:6)
  A howler monkey (D:8)
  5 wights (D:6)
  An electric eel (D:8)
  A centaur zombie (D:5)
  2 orc priests
  2 hounds
  A jelly (D:5)
  Crazy Yiuf (D:4)
  A centaur skeleton (D:5)
  Jessica (D:3)
  Natasha (D:2)
  An iguana (D:5)
  2 orc wizards (D:8)
  2 howler monkey zombies
  4 adders
  An adder skeleton (D:4)
  2 worms
  2 dart slugs
  21 orcs
  7 ball pythons
  8 bats
  6 endoplasms
  4 giant cockroaches
  4 hobgoblins
  2 jackals (D:3)
  11 kobolds
  3 frilled lizards
  7 goblins
  9 rats
130 creatures vanquished.

Notes
Turn   | Place    | Note
-------+----------+-------------------------------------------
     0 | D:1      | Kaptain the Gargoyle Earth Elementalist began the quest for
                  | the Orb.
     0 | D:1      | Reached XP level 1. HP: 10/10 MP: 3/3
   180 | D:1      | Reached XP level 2. HP: 16/16 MP: 1/5
   719 | D:1      | Reached skill level 1 in Conjurations
   919 | D:1      | Found a faded altar of an unknown god.
  1030 | D:2      | Found Haups's Assorted Antiques.
  1031 | D:2      | Noticed an ogre
  1037 | D:2      | Reached skill level 1 in Fighting
  1037 | D:2      | Reached XP level 3. HP: 20/20 MP: 2/6
  1043 | D:1      | Learned a level 3 spell: Stone Arrow
  1115 | D:2      | Found Damammar's Armour Shop.
  1269 | D:2      | Reached skill level 4 in Earth Magic
  1349 | D:2      | Reached XP level 4. HP: 24/25 MP: 3/7
  1427 | D:2      | Reached skill level 1 in Armour
  1432 | D:2      | Killed an ogre
  1433 | D:2      | Reached XP level 5. HP: 19/30 MP: 5/9
  1547 | D:2      | Found Itepiy's Antique Armour Boutique.
  1780 | D:2      | Found Puupidad's Distillery.
  1788 | D:2      | Bought a potion of heal wounds for 60 gold pieces
  1885 | D:2      | Found Yhiajeci's Magic Scroll Shoppe.
  1917 | D:2      | Noticed Natasha
  1925 | D:2      | Killed Natasha
  2063 | D:3      | Identified the +5 spear of Immorality {speed, rF+}
  2148 | D:3      | Noticed Jessica
  2153 | D:3      | Killed Jessica
  2168 | D:3      | Reached XP level 6. HP: 28/36 MP: 4/10
  2715 | D:4      | Identified the +6 trident of Juliulak {venom, Drain Fly
                  | rPois Will+}
  2741 | D:4      | Noticed MrOwl's ghost (amateur HOFi)
  2747 | D:4      | Found a one-way gate to the infinite horrors of the Abyss.
  2910 | D:4      | Found a transporter.
  2942 | D:4      | Found a transporter.
  3282 | D:4      | Found a runed translucent door.
  3283 | D:4      | Noticed Crazy Yiuf
  3289 | D:4      | Killed Crazy Yiuf
  3290 | D:4      | Reached skill level 5 in Earth Magic
  3525 | D:5      | Entered Level 5 of the Dungeon
  3715 | D:5      | Reached XP level 7. HP: 38/41 MP: 3/12
  4289 | D:5      | Found a staircase to the Ecumenical Temple.
  4298 | Temple   | Entered the Ecumenical Temple
  4918 | D:6      | Reached skill level 6 in Earth Magic
  4918 | D:6      | Reached XP level 8. HP: 13/48 MP: 6/13
  5518 | D:6      | Found a hazy altar of Hepliaklqana.
  6329 | D:7      | Found a shimmering blue altar of Sif Muna.
  7038 | D:8      | Reached skill level 5 in Fighting
  7038 | D:8      | Reached skill level 5 in Conjurations
  7275 | D:8      | Reached skill level 7 in Earth Magic
  7319 | D:8      | Noticed a wyvern
  7323 | D:8      | Killed a wyvern
  7324 | D:8      | Reached XP level 9. HP: 38/54 MP: 8/16
  7521 | D:8      | Reached skill level 5 in Spellcasting
  8350 | D:8      | Found Qinefubi's Book Boutique.
  8474 | D:8      | Found a snail-covered altar of Cheibriados.
  8925 | D:8      | Slain by a killer bee

Illustrated notes

Levels and vault maps discovered:
D:1:      lightli_arrival_windingriver, layout_basic,
          shapermc_ecumenical_altar_mp_vishouse, grunt_decor_resistance
D:2:      layout_rooms, serial_shops, nicolae_square_shop, nicolae_shop_crystal,
          nicolae_shop_crystal, nicolae_diamond_shop, shop, uniq_natasha
D:3:      layout_rooms, minmay_misc_feat_tower, serial_bayou_pond_d,
          serial_bayou_pond_b, corexii_hall_statues_l, uniq_jessica
D:4:      layout_basic, gammafunk_ghost_abyssal_escape, uniq_crazy_yiuf_cottage
D:5:      layout_basic, minmay_temple_entry_poolview
D:6:      layout_loops_corners, lemuel_doored_altar, nicolae_water_bricks
D:7:      layout_rooms, mainiacjoe_overflow_boulevard
D:8:      layout_gridville, amcnicky_altar_gilded, serial_shops,
          kennysheep_mini, lightli_minifort
D:9:      layout_long_grid, elyvilon_altar_1, erik_lair_orcish_takeover
Temple:   mainiacjoe_temple_coin_purse

Skill      XL: |  1  2  3  4  5  6  7  8  9 |
---------------+----------------------------+-----
Conjurations   | 1 2 3 4 5 |  5.7
Fighting       | 1 2 3 4 5 |  5.7
Earth Magic    | 4 5 6 7 |  7.5
Armour         | 1 2 3 |  3.9
Dodging        | 2 3 |  3.5
Spellcasting   | 3 4 5 |  5.2
Stealth        | |  2.1
Transmutations | |  0.7

Action                   |  1- 3 |  4- 6 |  7- 9 || total
-------------------------+-------+-------+-------++-------
Melee: Unarmed           |     5 |       |       ||     5
       Short sword       |    19 |    29 |       ||    48
       Mace              |     4 |       |       ||     4
       Punch             |       |     1 |     3 ||     4
       Spear             |       |    21 |    90 ||   111
 Fire: Hunting sling     |       |     1 |       ||     1
 Cast: Sandblast         |    25 |    47 |    63 ||   135
       Stone Arrow       |       |     1 |    43 ||    44
  Use: Scroll            |       |     6 |     5 ||    11
 Stab: Sleeping          |     1 |     2 |     2 ||     5
Armor: Robe              |    20 |    10 |       ||    30
       Leather armour    |       |    12 |    72 ||    84
Dodge: Dodged            |    30 |    32 |    95 ||   157
